 Dungeon Crawl Stone Soup version 0.31.0-4-g52a2dc7128 (webtiles) character file.

Game seed: 6702553641381078374

1094 dorian the Shooter (level 7, -2/59 HPs)
             Began as a Demigod Hunter on Jan 22, 2024.
             Succumbed to a gnoll sergeant's poison
             ... on level 5 of the Dungeon.
             The game lasted 00:09:31 (4194 turns).

dorian the Shooter (Demigod Hunter)                 Turns: 4194, Time: 00:09:32

Health: -2/59      AC:  9    Str: 16    XL:     7   Next: 83%
Magic:  9/9        EV: 18    Int: 11    God:
Gold:   233        SH:  0    Dex: 21    Spells: 6/6 levels left

rFire   . . .        t - +1 hand cannon (elec)
rCold   . . .        (no shield)
rNeg    . . .        d - +3 ring mail {Will+}
rPois   .            (no helmet)
rElec   .            (no cloak)
rCorr   .            (no gloves)
SInv    .            l - +0 pair of boots
Will    +....        j - amulet of regeneration
Stlth   +            f - +5 ring of evasion
HPRegen 1.09/turn    (no ring)
MPRegen 0.11/turn

%: no passive effects
@: lethally poisoned (-2 -> -32)
A: high MP 1, forlorn, divine attributes
a: no special abilities


You were on level 5 of the Dungeon.
You visited 1 branch of the dungeon, and saw 7 of its levels.

You collected 382 gold pieces.
You spent 149 gold pieces at shops.

Inventory:

Hand Weapons
 a - a +0 shortbow
 t - a +1 hand cannon of electrocution (weapon)
Armour
 c - a +0 leather armour
 d - a +3 ring mail of willpower (worn)
 l - a +0 pair of boots (worn)
Jewellery
 f - a +5 ring of evasion (left hand)
 j - an amulet of regeneration (around neck)
 k - an amulet of magic regeneration
 s - a ring of flight
Wands
 n - a wand of light (10)
 u - a wand of roots (5)
 v - a wand of digging (4)
Scrolls
 b - a scroll of butterflies
 m - a scroll of immolation
 o - a scroll of poison
 p - a scroll of torment
 r - 3 scrolls of identify
Potions
 e - 2 potions of enlightenment
 g - a potion of ambrosia
 h - 3 potions of haste
 i - a potion of brilliance
 q - a potion of curing


   Skills:
 + Level 4.2 Fighting
 * Level 6.6 Ranged Weapons
 + Level 3.4 Armour
 + Level 4.2 Dodging
 - Level 0.8 Stealth


You had 6 spell levels left.
You didn't know any spells.
Your spell library contained the following spells:

 Spells                   Type           Power      Damage    Failure   Level
 Hailstorm                Conj/Ice       0%         3d5       89%         3
 Summon Ice Beast         Ice/Summ       0%         N/A       89%         3
 Sculpt Simulacrum        Ice/Alch       0%         N/A       100%        6


Dungeon Overview and Level Annotations

Branches:
Dungeon (7/15) Zot: 25589
 Temple: D:4-7

Shops:
D:6 (*


Innate Abilities, Weirdness & Mutations

You have an increased reservoir of magic. (+10% MP)
You shall have no god before yourself.
Your divine heritage dramatically boosts your attributes as you level up.


Message History

The bolt barely misses the gnoll sergeant.
You shoot a bolt.
The bolt closely misses the gnoll sergeant.
You shoot a bolt.
The bolt barely misses the gnoll sergeant.
You hear a shout! x3
A gnoll comes into view. It is wielding a +0 flail.
The gnoll sergeant closely misses you.
The gnoll moves out of view.
The gnoll sergeant closely misses you.
There is a stone staircase leading up here.
You shoot a bolt.
The bolt barely misses the gnoll sergeant.
You hear a shout!
A gnoll comes into view. It is wielding a +0 spear.
The gnoll sergeant hits you from afar with a +2 spear of venom.
You are poisoned.
You shoot a bolt.
The bolt closely misses the gnoll sergeant.
The bolt barely misses the gnoll.
You feel very sick.
A gnoll comes into view.
It is wielding a +0 halberd of freezing.
The gnoll sergeant hits you from afar with a +2 spear of venom.
You are more poisoned.
A gnoll comes into view.
It is wielding a +1 whip of electrocution.
The gnoll sergeant hits you from afar with a +2 spear of venom.
You are more poisoned.
You shoot a bolt. The bolt hits the gnoll sergeant.
The gnoll sergeant is moderately wounded.
You feel extremely sick.
The gnoll sergeant hits you from afar with a +2 spear of venom!
You are more poisoned.
The gnoll sergeant hits you from afar with a +2 spear of venom!
You are lethally poisoned!
* * * LOW HITPOINT WARNING * * *
You feel extremely sick. The gnoll hits you with a +0 flail.
* * * LOW HITPOINT WARNING * * *
The gnoll sergeant completely misses you.
You climb upwards.
You die...

#.#..##.#.....#####.#|###
#.#..##.####.............
#.#..##.# #..........###
#.#..##.####.##.##..##...
#########.#..##...##...[.......##
...).........#........#.##..####
#########.#..........##.##..#
#.####..g...........#
#.......@...........#
########........##### ##########


You could see a gnoll.

Vanquished Creatures
  A water moccasin (D:5)
  A black bear (D:5)
  A centaur (D:5)
  2 phantoms
  Blork the orc (D:6)
  A scorpion (D:5)
  5 bombardier beetles
  A hound (D:5)
  3 orc wizards (D:6)
  4 iguanas
  7 adders
  A white imp (D:5)
  2 ufetubi (D:6)
  A ribbon worm (D:3)
  2 orcs
  5 endoplasms
  6 giant cockroaches
  9 goblins
  6 hobgoblins
  9 jackals
  6 kobolds
  7 quokkas
  8 ball pythons
  7 bats
  8 frilled lizards
  7 rats
111 creatures vanquished.

Notes
Turn   | Place    | Note
-------+----------+-------------------------------------------
     0 | D:1      | dorian the Demigod Hunter began the quest for the Orb.
     0 | D:1      | Reached XP level 1. HP: 17/17 MP: 3/3
   108 | D:1      | Reached XP level 2. HP: 21/24 MP: 4/4
   284 | D:1      | Reached skill level 4 in Ranged Weapons
   513 | D:1      | Reached XP level 3. HP: 25/29 MP: 5/5
  1342 | D:3      | Reached skill level 1 in Armour
  1342 | D:3      | Reached XP level 4. HP: 37/37 MP: 6/6
  1962 | D:3      | Reached XP level 5. HP: 38/44 MP: 7/7
  2427 | D:4      | Reached skill level 5 in Ranged Weapons
  2432 | D:4      | HP: 1/45 [burnt (4)]
  2743 | D:4      | You fall into a shaft and drop 3 floors!
  2824 | D:5      | Entered Level 5 of the Dungeon
  2824 | D:5      | Noticed a centaur
  2831 | D:5      | Killed a centaur
  2832 | D:5      | Reached XP level 6. HP: 42/51 MP: 8/8
  3444 | D:5      | Noticed a water moccasin
  3455 | D:5      | Killed a water moccasin
  3456 | D:5      | Reached XP level 7. HP: 32/58 MP: 9/9
  3791 | D:5      | Reached skill level 6 in Ranged Weapons
  3953 | D:6      | Noticed Blork the orc
  4044 | D:6      | Found Ocsumade's Gadget Gallery.
  4074 | D:6      | Found Anuid's Antique Weapon Shoppe.
  4079 | D:6      | Bought a runed hand cannon for 149 gold pieces
  4166 | D:6      | Killed Blork the orc
  4194 | D:5      | Succumbed to a gnoll sergeant's poison

Illustrated notes

Levels and vault maps discovered:
D:1:      dpeg_arrival_line_fractal, layout_loops_ring,
          dreamdust_ecumenical_altar_hidden_monk_grotto
D:2:      layout_basic
D:3:      layout_basic, grunt_gozag_breadcrumbs, minmay_curled_crystal
D:4:      layout_rooms, nicolae_tso_carved_into_rock,
          mainiacjoe_overflow_concentric_impassable,
          minmay_fractal_squares_diagonal_5
D:5:      layout_loops_ring
D:6:      minmay_flawed_box, layout_cave_pools, lemuel_crystal_altar,
          serial_shops, nicolae_shop_hallway_plus, nicolae_shop_gadgets,
          uniq_blork_the_orc
D:7:      layout_basic, minmay_temple_entry_stoned_glass

Skill      XL: |  1  2  3  4  5  6  7 |
---------------+----------------------+-----
Fighting       | 2 3 4 |  4.2
Dodging        | 2 3 4 |  4.2
Ranged Weapons | 4 5 6 |  6.6
Armour         | 1 2 3 |  3.4
Stealth        | |  0.8

Action                     |  1- 3 |  4- 6 |  7- 9 || total
---------------------------+-------+-------+-------++-------
   Fire: Shortbow          |   158 |   194 |    29 ||   381
         Hand cannon       |       |       |    29 ||    29
    Use: Scroll            |     6 |     3 |     4 ||    13
         Potion            |       |     1 |       ||     1
 Armour: Ring mail         |    52 |    79 |    24 ||   155
         Leather armour    |       |     6 |       ||     6
  Dodge: Dodged            |    42 |    61 |    40 ||   143
